 Dungeon Crawl Stone Soup version 0.17-a0-1900-g45e8110 (webtiles) character file.

2944 4thArraOfDagon the Grappler (level 9, -29/88 HPs)
             Began as a Troll Monk on Sept 24, 2015.
             Annihilated by a hill giant
             ... wielding a +0 giant club
              (43 damage)
             ... on level 11 of the Dungeon.
             The game lasted 00:11:50 (2447 turns).

4thArraOfDagon the Grappler (Troll Monk)            Turns: 2447, Time: 00:11:50

Health: -29/88     AC:  8    Str: 21    XL:     9   Next: 51%
Magic:  9/9        EV: 10    Int:  9    God:
Gold:   123        SH: 13    Dex: 12    Spells: 0 memorised, 8 levels left

rFire  + . .     SeeInvis .       - Unarmed
rCold  . . .     Clarity  .     a - +0 robe
rNeg   . . .     SustAt   .     u - +3 shield
rPois  .         Gourm    +     (helmet restricted)
rElec  .         Spirit   .     g - +2 cloak {+Inv}
rCorr  .         Warding  .     (gloves unavailable)
rMut   .         Stasis   .     (boots unavailable)
MR     +....                    (no amulet)
Stlth  +.........               t - ring of protection from magic
                                o - ring of protection from fire

@: somewhat resistant to hostile enchantments, very unstealthy
A: unfitting armour, claws 3, fast metabolism 3, gourmand, regeneration 2,
shaggy fur 1, tough skin 2, subdued magic 1
a: Evoke Invisibility


You were on level 11 of the Dungeon.
You were very full.

You visited 1 branch of the dungeon, and saw 11 of its levels.

You collected 123 gold pieces.

Inventory:

Missiles
 n - 2 curare-tipped needles
 z - 2 throwing nets (quivered)
Armour
 a - a +0 robe (worn)
 g - a +2 cloak of invisibility (worn)
 q - a mottled dragon hide
 u - a +3 shield (worn)
Jewellery
 k - an uncursed ring of ice
 o - a ring of protection from fire (left claw)
 t - a ring of protection from magic (right claw)
Magical devices
 j - a wand of fire (3)
 C - a wand of disintegration (16)
Scrolls
 p - a scroll of teleportation
 v - a scroll of recharging {unknown}
Potions
 d - 3 potions of magic {unknown}
 e - 3 potions of heal wounds
 h - a potion of lignification {unknown}
 i - a potion of haste {unknown}
 l - 2 potions of cure mutation {unknown}
 m - a potion of ambrosia {unknown}
 r - a potion of berserk rage
 s - 3 potions of curing {unknown}
Comestibles
 b - 4 bread rations
 c - 2 meat rations
 f - 6 fruits
 w - a slice of pizza


   Skills:
 + Level 5.0 Fighting
 + Level 4.9 Dodging
 - Level 1.1 Stealth
 * Level 5.9 Shields
 * Level 8.8 Unarmed Combat
 + Level 2.0 Evocations


You had 8 spell levels left.
You didn't know any spells.

Dungeon Overview and Level Annotations

Branches:
Dungeon (11/15)
 Temple: D:4-7         Lair: D:8-11         Orc: D:9-12

Altars:
Kikubaaqudgha
Nemelex Xobeh
Okawaru
Qazlal
The Shining One

Shops:
D:8 %

Annotations:
D:9 Erica


Innate Abilities, Weirdness & Mutations

You are too large for most types of armour.
You have claws for hands.
Your metabolism is lightning-fast.
You like to eat raw meat.
You heal very quickly.
You are covered in fur (AC +1).
You have very tough skin (AC +2).
Your spells are a little easier to cast, but a little less powerful.


Message History

Unknown command.
You scratch the hill giant.
The hill giant is almost dead.
You block the hill giant's attack.
Unknown command.
Unknown command.
You scratch the hill giant but do no damage.
The hill giant is almost dead.
The hill giant barely misses you.
Unknown command.
Unknown command.
You scratch the hill giant.
The hill giant is almost dead.
Unknown command.
Unknown command.
Unknown command.
You claw the hill giant!
The hill giant is almost dead.
The hill giant hits you with a giant club!!!
You die...

#.# # #####)# #
#...#.# #
###.....# #
#.......# #
#.#####.# # #.#
#.#### #.### #C#
#....# #.... #@#
#.##.#######
#.#####.)....#####
#.%....)[#.#.....)
########.#.#.#####
#.#...# #.###.#
#.###.# #.....#
#######


You could see a hill giant.

Vanquished Creatures
  Maurice (D:9)
  A komodo dragon (D:11)
  Eustachio (D:4)
  A wyvern (D:10)
  A mottled dragon (D:11)
  2 ice beasts
  4 ogres
  2 phantoms
  4 sky beasts
  Blork the orc (D:5)
  A big kobold (D:10)
  A gnoll sergeant (D:10)
  2 giant frogs
  A killer bee (D:9)
  3 crimson imps
  A giant frog zombie (D:8)
  A centaur zombie (D:5)
  2 hounds
  An orc priest (D:11)
  A jelly (D:10)
  An iguana (D:6)
  2 orc wizards
  4 adders
  6 gnolls
  A shadow imp (D:5)
  2 giant geckos
  18 orcs
  A ball python (D:1)
  A bat (D:1)
  A goblin (D:1)
  2 hobgoblins
  10 jackals
  5 kobolds
  A quokka (D:4)
  3 giant cockroaches
  A rat (D:1)
91 creatures vanquished.

Notes
Turn   | Place    | Note
--------------------------------------------------------------
     0 | D:1      | 4thArraOfDagon the Troll Monk began the quest for the Orb.
     0 | D:1      | Reached XP level 1. HP: 22/22 MP: 0/0
     7 | D:1      | Noticed a wolf
     7 | D:1      | Noticed a black bear
     7 | D:1      | Noticed a lindwurm
     7 | D:1      | Noticed a fire drake
     7 | D:1      | Noticed a salamander
   138 | D:1      | Reached XP level 2. HP: 29/29 MP: 1/1
   371 | D:3      | Reached XP level 3. HP: 19/36 MP: 2/2
   432 | D:4      | Noticed Eustachio
   441 | D:4      | Noticed an ogre
   451 | D:5      | Entered Level 5 of the Dungeon
   484 | D:5      | Noticed Blork the orc
   636 | D:5      | Noticed a scorpion
   649 | D:6      | Noticed a phantom
   652 | D:6      | Noticed a sky beast
   675 | D:6      | Reached skill level 5 in Unarmed Combat
   675 | D:6      | Reached XP level 4. HP: 44/44 MP: 3/3
   683 | D:6      | Reached skill level 1 in Shields
   768 | D:6      | Noticed an ogre
   768 | D:6      | Noticed a sky beast
   830 | D:7      | Found a sparkling altar of Nemelex Xobeh.
   890 | D:6      | Killed an ogre
   890 | D:6      | Reached XP level 5. HP: 40/53 MP: 4/4
   907 | D:6      | Killed a sky beast
   907 | D:6      | Reached XP level 6. HP: 23/61 MP: 5/5
   911 | D:6      | Gained mutation: Your spells are a little easier to cast, but a little less powerful. [mutagenic meat]
   942 | D:6      | Noticed an ogre
   949 | D:6      | Killed an ogre
   999 | D:6      | Reached skill level 6 in Unarmed Combat
  1026 | D:6      | Killed a phantom
  1026 | D:6      | Reached XP level 7. HP: 30/67 MP: 6/6
  1058 | D:6      | Killed a sky beast
  1131 | D:4      | Found a glowing golden altar of the Shining One.
  1191 | D:5      | Killed Blork the orc
  1271 | D:4      | Killed an ogre
  1377 | D:4      | Killed Eustachio
  1510 | D:5      | Reached XP level 8. HP: 69/78 MP: 7/7
  1519 | D:5      | Reached skill level 7 in Unarmed Combat
  1599 | D:8      | Found Ytofa's Food Shoppe.
  1621 | D:8      | Found a stormy altar of Qazlal.
  1624 | D:8      | Found an ancient bone altar of Kikubaaqudgha.
  1627 | D:8      | Found an iron altar of Okawaru.
  1756 | D:9      | Noticed Maurice
  1782 | D:9      | Killed Maurice
  1814 | D:9      | Noticed Erica
  1832 | D:10     | Entered Level 10 of the Dungeon
  1890 | D:10     | Reached skill level 5 in Shields
  1896 | D:10     | Reached skill level 1 in Evocations
  1909 | D:9      | Reached skill level 8 in Unarmed Combat
  1933 | D:9      | Reached XP level 9. HP: 85/85 MP: 8/8
  2000 | D:10     | Noticed a hill giant
  2154 | D:11     | Noticed a komodo dragon
  2170 | D:11     | Killed a komodo dragon
  2314 | D:11     | Noticed a hill giant
  2318 | D:11     | Reached skill level 5 in Fighting
  2447 | D:11     | Annihilated by a hill giant

Vault maps used:
D:1:      onia_arrival_zoo_common
D:2:      first_bread, ecumenical_altar_2, kennysheep_generic_room_13,
          uniq_jessica
D:3:      gammafunk_temple_overflow_elements
D:4:      kennysheep_little_box, kennysheep_doodads, uniq_eustachio
D:5:      lemuel_coloured_pillars_altar, kennysheep_generic_room_15,
          uniq_blork_the_orc
D:6:      minmay_temple_entry_overgrown
D:7:      lemuel_slime, basic_altar
D:8:      minmay_overflow_temple_star_quad, serial_shops, shop, grunt_pizzeria
D:9:      minmay_fountain_box, kennysheep_flooded_box, uniq_erica, uniq_maurice
D:11:     lair_0_dummy, david_orc_2, serial_shops, shop

Action                   |  1- 3 |  4- 6 |  7- 9 || total
-------------------------+-------+-------+-------++-------
Melee: Unarmed           |    73 |    48 |   234 ||   355
Evoke: Wand              |       |     1 |     2 ||     3
  Use: Scroll            |     2 |     2 |     7 ||    11
 Stab: Sleeping          |     2 |       |     1 ||     3
  Eat: Chunk             |    11 |     5 |    13 ||    29
